 Dungeon Crawl Stone Soup version 0.21.0-3-g78d12a8 (webtiles) character file.

67 negitausen the Digger (level 4, 0/24 HPs)
             Began as a Gargoyle Earth Elementalist on Jan 15, 2018.
             Slain by a jackal (1 damage)
             ... on level 2 of the Dungeon.
             The game lasted 00:11:13 (795 turns).

negitausen the Digger (Gargoyle Earth Elementalist)  Turns: 795, Time: 00:11:14

Health: 0/24       AC:  5    Str: 11    XL:     4   Next: 18%
Magic:  2/8        EV: 12    Int: 17    God:
Gold:   64         SH:  0    Dex: 10    Spells: 5/8 levels left

rFire    . . .     SeeInvis .   k - +0 short sword
rCold    . . .     Gourm    .   (no shield)
rNeg     + . .     Faith    .   h - +0 robe
rPois    ∞         Spirit   .   (no helmet)
rElec    +         Reflect  .   (no cloak)
rCorr    .         Harm     .   (no gloves)
MR       .....                  (no boots)
Stlth    ++........             (no amulet)
HPRegen  0.08/turn              (no ring)
MPRegen  0.11/turn              (no ring)

@: no status effects
A: negative energy resistance 1, electricity resistance, unbreathing,
petrification resistance, rot immunity, AC +3
a: no special abilities


You were on level 2 of the Dungeon.
You were not hungry.

You visited 1 branch of the dungeon, and saw 2 of its levels.

You collected 64 gold pieces.

Inventory:

Hand Weapons
 k - a +0 short sword (weapon)
Missiles
 b - 52 stones (quivered)
 f - 26 arrows
 j - 32 sling bullets
Armour
 c - a +0 robe
 h - a +0 robe (worn)
Jewellery
 i - a cursed amulet of guardian spirit
 l - an uncursed ring of positive energy {unknown}
Scrolls
 g - a scroll of amnesia
 m - a scroll of teleportation
Books
 e - a book of Geomancy

   Spells                             Type                      Level
   a - Sandblast                      Earth                        1
   b - Passwall                       Transmutation/Earth          2
   c - Stone Arrow                    Conjuration/Earth            3
   d - Petrify                        Transmutation/Earth          4
   e - Lee's Rapid Deconstruction     Earth                        5
Comestibles
 a - 2 chunks of flesh
 d - 2 rations


   Skills:
 + Level 0.1 Fighting
 + Level 1.7 Dodging
 + Level 2.5 Stealth
 + Level 0.8 Unarmed Combat
 * Level 2.9 Spellcasting
 + Level 0.7 Transmutations
 + Level 4.5 Earth Magic


You had 5 spell levels left.
You knew the following spells:

 Your Spells              Type           Power        Failure   Level  Hunger
a - Sandblast             Erth           ###...       2%          1    None
b - Passwall              Tmut/Erth      ##........   9%          2    ##.....


Dungeon Overview and Level Annotations

Branches:
Dungeon (2/15)

Altars:


Innate Abilities, Weirdness & Mutations

You are resistant to torment.
Your stone body is resilient. (AC +3)
You are immune to poison.
You resist negative energy. (rN+)
You are resistant to electric shocks. (rElec)
You can survive without breathing.
You are immune to petrification.
You are immune to rotting.


Message History

The phantom hits you but does no damage.
The jackal bites you but does no damage.
Found a scroll of identify.
The phantom blinks!
The jackal barely misses you.
The phantom blinks!
The jackal bites you.
* * * LOW HITPOINT WARNING * * *
You barely miss the jackal. The jackal closely misses you.
You hit the jackal.
The jackal is severely wounded.
The jackal barely misses you. The jackal misses you.
You closely miss the jackal.
The jackal is severely wounded.
The jackal misses you.
The phantom blinks!
You barely miss the jackal.
The jackal is severely wounded.
The jackal bites you.
* * * LOW HITPOINT WARNING * * *
The jackal bites you.
You die...

#.######.......?
#...#####......
##.#.##........ ##
#..#.#........####...
#.##................
##.# #.............#
#..# #$........§##
..####...........#
...............h@##
...####........#..#####.
.....)...)........W.....
...###..................
...#....................
####............†.......
# #.#...((.....######.#
# #.#(........†##### .#
####.##.......†.....#


You could see a phantom and a jackal.

Vanquished Creatures
  An adder (D:2)
  A shadow imp (D:2)
  A worm (D:2)
  A dart slug (D:1)
  2 leopard geckos
  An orc (D:2)
  A giant cockroach (D:1)
  5 goblins
  6 hobgoblins
  6 jackals (D:2)
  3 kobolds
  5 bats
  2 frilled lizards
  6 rats
41 creatures vanquished.

Notes
Turn   | Place    | Note
-------+----------+-------------------------------------------
     0 | D:1      | negitausen the Gargoyle Earth Elementalist began the quest for the Orb.
     0 | D:1      | Reached XP level 1. HP: 10/10 MP: 3/3
    47 | D:1      | Reached skill level 4 in Earth Magic
    63 | D:1      | Reached XP level 2. HP: 5/15 MP: 1/5
    92 | D:1      | Learned a level 1 spell: Sandblast
   505 | D:2      | Reached XP level 3. HP: 19/19 MP: 3/6
   636 | D:2      | Reached XP level 4. HP: 9/24 MP: 1/8
   646 | D:2      | Learned a level 2 spell: Passwall
   688 | D:2      | Noticed a phantom
   795 | D:2      | HP: 1/24 [jackal (3)]
   795 | D:2      | Slain by a jackal

Skill      XL: |  1 |
---------------+----+-----
Earth Magic    | 4 |  4.5
Fighting       | |  0.1
Dodging        | |  1.7
Stealth        | |  2.5
Unarmed Combat | |  0.8
Spellcasting   | |  2.9
Transmutations | |  0.7

Action                   |  1- 3 |  4- 6 || total
-------------------------+-------+-------++-------
Melee: Unarmed           |    31 |       ||    31
       Short sword       |    27 |    17 ||    44
 Cast: Sandblast         |    39 |    16 ||    55
       Passwall          |       |     1 ||     1
  Use: Scroll            |     5 |       ||     5
       Potion            |     1 |       ||     1
Armor: Robe              |    20 |     7 ||    27
Dodge: Dodged            |    42 |    27 ||    69
